PBL
BROCKTON ROX @ YORK REVOLUTION
07/05/2049
 
TOP OF THE 1ST
Brockton Rox batting - Pitching for York Revolution : RHP Bobby Acevedo
Pitching: RHP Bobby Acevedo
Batting: LHB Darby Starburster 0-0: SINGLE (Groundball, 25, EV 69.4 MPH) (infield hit)
Batting: RHB Jose Blocker 0-0: Called Strike
0-1: Called Strike
Darby Starburster steals 2nd base
0-2: Strikes out swinging
Batting: LHB Isaiah Spitzbarth 0-0: Called Strike
0-1: Ground out U3 (Groundball, 3, EV 80.0 MPH)
Darby Starburster to third
Batting: LHB Joe Martens 0-0: Called Strike
0-1: Ball
Wild Pitch!
Darby Starburster scores
1-1: Ball
2-1: Fly out, F8 (Flyball, 8LM, EV 91.9 MPH)
Top of the 1st over - 1 run, 1 hit, 0 errors, 0 left on base; Brockton 1 - York 0
BOTTOM OF THE 1ST
York Revolution batting - Pitching for Brockton Rox : LHP Eddie Noon
Pitching: LHP Eddie Noon
Batting: RHB Dan Shaffer 0-0: Ball
1-0: Swinging Strike
1-1: Ball
2-1: Called Strike
2-2: Ground out 5-3 (Groundball, 5, EV 100.6 MPH)
Batting: LHB Mike Hawk 0-0: Ball
1-0: Foul Ball, location: 2F
1-1: Swinging Strike
1-2: Foul Ball, location: 2F
1-2: Ball
2-2: SINGLE (Groundball, 34D, EV 110.6 MPH)
Batting: RHB Juan Gonzalez 0-0: Swinging Strike
0-1: Foul Ball, location: 2F
0-2: Ball
1-2: Ball
2-2: Strikes out swinging
Batting: RHB Alexis Graciani 0-0: Swinging Strike
0-1: Foul Ball, location: 2F
0-2: Foul Ball, location: 2F
0-2: Strikes out looking
Bottom of the 1st over - 0 runs, 1 hit, 0 errors, 1 left on base; Brockton 1 - York 0
TOP OF THE 2ND
Brockton Rox batting - Pitching for York Revolution : RHP Bobby Acevedo
Batting: SHB Mel Gonzalez 0-0: Foul Ball, location: 2F
0-1: SINGLE (Groundball, 23, EV 75.0 MPH) (infield hit)
Batting: SHB Zach Clark 0-0: Foul Ball, location: 2F
0-1: Ball
1-1: SINGLE (Groundball, 34D, EV 104.4 MPH)
Mel Gonzalez to second
Runner from 2nd tries for 3rd, SAFE, throw by RF made at trailing runner, OUT! 9-6
Batting: LHB Eddie Noon 0-0: Fly out, F7 (Flyball, 7, EV 90.6 MPH)
Runner from 3rd tags up, SCORES, throw by LF
Batting: LHB Makoto Shimazu 0-0: Foul Ball, location: 2F
0-1: Ball
1-1: SINGLE (Line Drive, 8LS, EV 91.2 MPH)
Batting: LHB Alexis Toxqui 0-0: Ball
1-0: Ball
2-0: 2-RUN HOME RUN (Flyball, 9D, EV 98.8 MPH), Distance : 365 ft
Batting: LHB Darby Starburster 0-0: Foul Ball, location: 2F
0-1: Foul Ball, location: 2F
0-2: Strikes out swinging
Top of the 2nd over - 3 runs, 4 hits, 0 errors, 0 left on base; Brockton 4 - York 0
BOTTOM OF THE 2ND
York Revolution batting - Pitching for Brockton Rox : LHP Eddie Noon
Batting: RHB Mike Staunton 0-0: Ball
1-0: Reached on error, E2 (Groundball, 15S, EV 73.1 MPH)
Batting: RHB Josh Jarvis 0-0: Ball
1-0: Ball
2-0: Called Strike
2-1: SINGLE (Groundball, 6, EV 98.8 MPH)
Mike Staunton to second
Batting: RHB Tim Schell 0-0: Ball
1-0: Called Strike
1-1: SINGLE (Flyball, 3D, EV 88.8 MPH)
Mike Staunton to third
Josh Jarvis to second
Batting: RHB Zach Walk 0-0: Ball
1-0: Called Strike
1-1: Foul Ball, location: 2F
1-2: Grounds into double play, 6-4-3 (Groundball, 56, EV 85.6 MPH)
Mike Staunton scores
Josh Jarvis to third
Batting: RHB Justin Crowder 0-0: Called Strike
0-1: Foul Ball, location: 2F
0-2: Ball
1-2: Ball
2-2: Ball
3-2: Foul Ball, location: 2F
3-2: Foul Ball, location: 2F
3-2: Strikes out swinging
Bottom of the 2nd over - 1 run, 2 hits, 1 error, 1 left on base; Brockton 4 - York 1
TOP OF THE 3RD
Brockton Rox batting - Pitching for York Revolution : RHP Bobby Acevedo
Batting: RHB Jose Blocker 0-0: Called Strike
0-1: Swinging Strike
0-2: Strikes out swinging
Batting: LHB Isaiah Spitzbarth 0-0: Called Strike
0-1: Ball
1-1: Ball
2-1: Called Strike
2-2: Ball
3-2: Strikes out swinging
Batting: LHB Joe Martens 0-0: Ball
1-0: Ball
2-0: Ground out 5-3 (Groundball, 5, EV 101.9 MPH)
Top of the 3rd over - 0 runs, 0 hits, 0 errors, 0 left on base; Brockton 4 - York 1
BOTTOM OF THE 3RD
York Revolution batting - Pitching for Brockton Rox : LHP Eddie Noon
Batting: RHB Dan Shaffer 0-0: Called Strike
0-1: Ball
1-1: Ball
2-1: Swinging Strike
2-2: Strikes out swinging
Batting: LHB Mike Hawk 0-0: Called Strike
0-1: Fly out, F7 (Flyball, 7, EV 87.5 MPH)
Batting: RHB Juan Gonzalez 0-0: Ball
1-0: Foul Ball, location: 2F
1-1: Fly out, F8 (Flyball, 8LD, EV 87.5 MPH)
Bottom of the 3rd over - 0 runs, 0 hits, 0 errors, 0 left on base; Brockton 4 - York 1
TOP OF THE 4TH
Brockton Rox batting - Pitching for York Revolution : RHP Bobby Acevedo
Batting: SHB Mel Gonzalez 0-0: Called Strike
0-1: Ball
1-1: Ball
2-1: Ground out 4-3 (Groundball, 4, EV 85.6 MPH)
Batting: SHB Zach Clark 0-0: Ball
1-0: Swinging Strike
1-1: Ball
2-1: Called Strike
2-2: Ball
3-2: Strikes out swinging
Batting: LHB Eddie Noon 0-0: Ball
1-0: Ball
2-0: Called Strike
2-1: Ball
3-1: Base on Balls
Batting: LHB Makoto Shimazu 0-0: Hit by Pitch
Eddie Noon to second
Batting: LHB Alexis Toxqui 0-0: Ball
1-0: Called Strike
1-1: Ball
2-1: Ball
3-1: Foul Ball, location: 2F
3-2: Strikes out swinging
Top of the 4th over - 0 runs, 0 hits, 0 errors, 2 left on base; Brockton 4 - York 1
BOTTOM OF THE 4TH
York Revolution batting - Pitching for Brockton Rox : LHP Eddie Noon
Batting: RHB Alexis Graciani 0-0: SINGLE (Groundball, 6M, EV 107.5 MPH)
Batting: RHB Mike Staunton 0-0: Ball
1-0: Called Strike
1-1: Swinging Strike
1-2: Ball
2-2: Foul Ball, location: 2F
2-2: Ball
3-2: Strikes out swinging
Batting: RHB Josh Jarvis 0-0: Called Strike
0-1: Ball
1-1: Fly out, F9 (Line Drive, 9, EV 96.9 MPH)
Batting: RHB Tim Schell 0-0: Called Strike
0-1: Ball
1-1: Ball
2-1: Ball
3-1: Base on Balls
Alexis Graciani to second
Batting: RHB Zach Walk 0-0: Ball
1-0: Ball
2-0: Called Strike
2-1: Swinging Strike
2-2: Ball
3-2: Base on Balls
Alexis Graciani to third
Tim Schell to second
Batting: RHB Justin Crowder 0-0: Called Strike
0-1: Swinging Strike
0-2: Ball
1-2: Fly out, F8 (Flyball, 89XD, EV 104.4 MPH)
Bottom of the 4th over - 0 runs, 1 hit, 0 errors, 3 left on base; Brockton 4 - York 1
TOP OF THE 5TH
Brockton Rox batting - Pitching for York Revolution : RHP Bobby Acevedo
Batting: LHB Darby Starburster 0-0: Called Strike
0-1: Foul Ball, location: 2F
0-2: Ball
1-2: Ground out U3 (Groundball, 3, EV 85.6 MPH)
Batting: RHB Jose Blocker 0-0: Swinging Strike
0-1: Ball
1-1: Ball
2-1: Ball
3-1: Base on Balls
Batting: LHB Isaiah Spitzbarth 0-0: Foul Ball, location: 2F
0-1: Ball
1-1: Fly out, F8 (Flyball, 89M, EV 83.8 MPH)
Batting: LHB Joe Martens 0-0: Ball
1-0: Foul Ball, location: 2F
1-1: Ball
2-1: Ball
3-1: Base on Balls
Jose Blocker to second
Batting: SHB Mel Gonzalez 0-0: Foul Ball, location: 2F
0-1: Ball
1-1: Ball
2-1: Foul Ball, location: 2F
2-2: Strikes out swinging
Top of the 5th over - 0 runs, 0 hits, 0 errors, 2 left on base; Brockton 4 - York 1
BOTTOM OF THE 5TH
York Revolution batting - Pitching for Brockton Rox : LHP Eddie Noon
Batting: RHB Dan Shaffer 0-0: Called Strike
0-1: Foul Ball, location: 2F
0-2: Ball
1-2: Ball
2-2: Ground out 4-3 (Groundball, 4M, EV 78.8 MPH)
Pitching: RHP Danny Diaz
Batting: LHB Mike Hawk 0-0: Foul Ball, location: 2F
0-1: Ball
1-1: Called Strike
1-2: Ball
2-2: Foul Ball, location: 2F
2-2: Foul Ball, location: 2F
2-2: SOLO HOME RUN (Flyball, 7D, EV 93.1 MPH), Distance : 369 ft
Batting: RHB Juan Gonzalez 0-0: Foul Ball, location: 2F
0-1: Ball
1-1: Ball
2-1: SOLO HOME RUN (Flyball, 9D, EV 93.1 MPH), Distance : 355 ft
Batting: RHB Alexis Graciani 0-0: Foul Ball, location: 2F
0-1: Fly out, F8 (Flyball, 8RD, EV 96.2 MPH)
Batting: RHB Mike Staunton 0-0: Called Strike
0-1: SINGLE (Flyball, 5D, EV 85.6 MPH)
Batting: RHB Josh Jarvis 0-0: Foul Ball, location: 2F
0-1: Called Strike
0-2: Ball
1-2: Ball
2-2: Ball
3-2: Strikes out swinging
Bottom of the 5th over - 2 runs, 3 hits, 0 errors, 1 left on base; Brockton 4 - York 3
TOP OF THE 6TH
Brockton Rox batting - Pitching for York Revolution : RHP Bobby Acevedo
Pitching: RHP A.J. Newman
Batting: SHB Zach Clark 0-0: Foul Ball, location: 2F
0-1: Ball
1-1: Fly out, F3 (Popup, 3SF, EV 79.4 MPH)
Batting: LHB Eddie Noon 0-0: Called Strike
0-1: Fly out, F6 (Popup, 6M, EV 67.5 MPH)
Batting: LHB Makoto Shimazu 0-0: Swinging Strike
0-1: Ball
1-1: Ground out 3-1 (Groundball, 34D, EV 102.5 MPH)
Top of the 6th over - 0 runs, 0 hits, 0 errors, 0 left on base; Brockton 4 - York 3
BOTTOM OF THE 6TH
York Revolution batting - Pitching for Brockton Rox : RHP Danny Diaz
Batting: RHB Tim Schell 0-0: Ball
1-0: Ball
2-0: Swinging Strike
2-1: Foul Ball, location: 2F
2-2: Foul Ball, location: 2F
2-2: Strikes out looking
Batting: RHB Zach Walk 0-0: Ground out 6-3 (Groundball, 6, EV 111.2 MPH)
Batting: RHB Justin Crowder 0-0: Called Strike
0-1: Swinging Strike
0-2: Ball
1-2: Foul Ball, location: 2F
1-2: Ball
2-2: Strikes out swinging
Bottom of the 6th over - 0 runs, 0 hits, 0 errors, 0 left on base; Brockton 4 - York 3
TOP OF THE 7TH
Brockton Rox batting - Pitching for York Revolution : RHP A.J. Newman
Batting: LHB Alexis Toxqui 0-0: Called Strike
0-1: Ball
1-1: SINGLE (Groundball, 4M, EV 80.0 MPH) (infield hit)
Batting: LHB Darby Starburster 0-0: Ball
1-0: Sac Bunt to 2R - play at first, batter OUT! 2-3
Alexis Toxqui to second
Batting: RHB Jose Blocker 0-0: Fly out, F7 (Line Drive, 7S, EV 112.5 MPH)
Batting: LHB Isaiah Spitzbarth 0-0: Fly out, F8 (Flyball, 8LM, EV 87.5 MPH)
Top of the 7th over - 0 runs, 1 hit, 0 errors, 1 left on base; Brockton 4 - York 3
BOTTOM OF THE 7TH
York Revolution batting - Pitching for Brockton Rox : RHP Danny Diaz
Batting: RHB Dan Shaffer 0-0: Called Strike
0-1: Fly out, F8 (Line Drive, 8RD, EV 96.2 MPH)
Batting: LHB Mike Hawk 0-0: Called Strike
0-1: Foul Ball, location: 2F
0-2: Foul Ball, location: 2F
0-2: Foul Ball, location: 2F
0-2: Ball
1-2: Ball
2-2: Ball
3-2: Strikes out swinging
Batting: RHB Juan Gonzalez 0-0: Ball
1-0: Called Strike
1-1: Fly out, F8 (Flyball, 78M, EV 90.6 MPH)
Bottom of the 7th over - 0 runs, 0 hits, 0 errors, 0 left on base; Brockton 4 - York 3
TOP OF THE 8TH
Brockton Rox batting - Pitching for York Revolution : RHP A.J. Newman
Batting: LHB Joe Martens 0-0: Fly out, F7 (Flyball, 7, EV 81.9 MPH)
Batting: SHB Mel Gonzalez 0-0: Ball
1-0: SINGLE (Line Drive, 78S, EV 93.1 MPH)
Batting: SHB Zach Clark 0-0: Foul Ball, location: 2F
0-1: Foul Ball, location: 2F
0-2: Foul Ball, location: 2F
0-2: Foul Ball, location: 2F
0-2: Foul Ball, location: 2F
0-2: Foul Ball, location: 2F
0-2: Strikes out looking
Batting: LHB Eddie Noon 0-0: Called Strike
0-1: Foul Ball, location: 2F
0-2: Foul Ball, location: 2F
0-2: Foul Ball, location: 2F
0-2: Fly out, F8 (Flyball, 89D, EV 103.8 MPH)
Top of the 8th over - 0 runs, 1 hit, 0 errors, 1 left on base; Brockton 4 - York 3
BOTTOM OF THE 8TH
York Revolution batting - Pitching for Brockton Rox : RHP Danny Diaz
Pitching: RHP Carlos Salazar
Batting: RHB Alexis Graciani 0-0: Ball
1-0: Ball
2-0: Called Strike
2-1: Ground out 6-3 (Groundball, 6, EV 84.4 MPH)
Batting: RHB Mike Staunton 0-0: Foul Ball, location: 2F
0-1: Ball
1-1: Ball
2-1: Fly out, F4 (Popup, 6MS, EV 59.4 MPH)
Batting: RHB Josh Jarvis 0-0: Called Strike
0-1: Ball
1-1: Ball
2-1: Swinging Strike
2-2: Foul Ball, location: 2F
2-2: Foul Ball, location: 2F
2-2: Ball
3-2: Strikes out swinging
Bottom of the 8th over - 0 runs, 0 hits, 0 errors, 0 left on base; Brockton 4 - York 3
TOP OF THE 9TH
Brockton Rox batting - Pitching for York Revolution : RHP A.J. Newman
Pinch Hitting: RHB Kyle Franken 0-0: Ball
1-0: Foul Ball, location: 2F
1-1: Ball
2-1: Foul Ball, location: 2F
2-2: Fly out, F4 (Popup, 34S, EV 63.1 MPH)
Batting: LHB Alexis Toxqui 0-0: Ball
1-0: Fly out, F8 (Flyball, 8LD, EV 96.2 MPH)
Batting: LHB Darby Starburster 0-0: Ball
1-0: Reached on error, E5 (Groundball, 5, EV 77.5 MPH)
Pitching: RHP Jim Lurte
Batting: RHB Jose Blocker 0-0: Reached on error, E6 (Groundball, 6, EV 86.9 MPH)
Darby Starburster to second
Batting: LHB Isaiah Spitzbarth 0-0: Called Strike
Darby Starburster steals 3rd base
0-1: Ball
1-1: Swinging Strike
1-2: Strikes out swinging
Top of the 9th over - 0 runs, 0 hits, 2 errors, 2 left on base; Brockton 4 - York 3
BOTTOM OF THE 9TH
York Revolution batting - Pitching for Brockton Rox : RHP Carlos Salazar
Now at 3B: Jim Connel
Now at SS: Zach Clark
Batting: RHB Tim Schell 0-0: Ball
1-0: Fly out, F8 (Flyball, 78S, EV 86.9 MPH)
Batting: RHB Zach Walk 0-0: Called Strike
0-1: Foul Ball, location: 2F
0-2: Strikes out swinging
Batting: RHB Justin Crowder 0-0: Fly out, F9 (Flyball, 9, EV 83.8 MPH)
Bottom of the 9th over - 0 runs, 0 hits, 0 errors, 0 left on base; Brockton 4 - York 3
Sunday, July 16th , 2023 - OOTP Baseball 24.6 Build 69